 Dungeon Crawl Stone Soup version 0.22-a0-136-g83a10e5 (webtiles) character file.

37 KristoblXynda the Slasher (level 3, -3/32 HPs)
             Began as a Naga Gladiator on Feb 4, 2018.
             Slain by a gnoll
             ... wielding a +0 club
              (5 damage)
             ... on level 2 of the Dungeon.
             The game lasted 00:01:51 (1430 turns).

KristoblXynda the Slasher (Naga Gladiator)          Turns: 1430, Time: 00:01:52

Health: -3/32      AC:  3    Str: 16    XL:     3   Next: 41%
Magic:  3/3        EV: 10    Int:  8    God:
Gold:   47         SH:  0    Dex: 13    Spells: 2/2 levels left

rFire    . . .     SeeInvis +   a - +0 long sword
rCold    . . .     Gourm    .   (no shield)
rNeg     . . .     Faith    .   b - +0 leather armour
rPois    +         Spirit   .   c - +0 helmet
rElec    .         Reflect  .   (no cloak)
rCorr    .         Harm     .   (no gloves)
MR       .....                  (no barding)
Stlth    +.........             (no amulet)
HPRegen  0.10/turn              (no ring)
MPRegen  0.08/turn              (no ring)

@: very slow
A: large, see invisible, deformed body, poison resistance, slowness 2, slow
metabolism 1, spit poison 1, AC +1
a: Spit Poison


You were on level 2 of the Dungeon.
You were not hungry.

You visited 1 branch of the dungeon, and saw 2 of its levels.

You collected 47 gold pieces.

Inventory:

Hand Weapons
 a - a +0 long sword (weapon)
Missiles
 d - 3 throwing nets (quivered)
Armour
 b - a +0 leather armour (worn)
 c - a +0 helmet (worn)
Scrolls
 e - 2 scrolls of identify {unknown}
 g - a scroll of teleportation {unknown}
 h - 2 scrolls of amnesia {unknown}
Potions
 i - a potion of agility {unknown}
Comestibles
 f - 5 rations


   Skills:
 - Level 2.0 Fighting
 * Level 3.6 Long Blades
 - Level 2.0 Throwing
 + Level 0.7 Armour
 + Level 2.8 Dodging


You had 2 spell levels left.
You didn't know any spells.

Dungeon Overview and Level Annotations

Branches:
Dungeon (2/15)

Altars:


Innate Abilities, Weirdness & Mutations

You cannot wear boots.
Your serpentine skin is tough. (AC +1)
You have supernaturally acute eyesight. (SInv)
Armour fits poorly on your strangely shaped body.
Your system is resistant to poisons. (rPois)
You cover ground very slowly.
You have a slow metabolism.
You can spit poison.


Message History

The gnoll shouts!
You hit the gnoll.
The gnoll is almost dead.
The gnoll hits you with a spear!
You hit the gnoll but do no damage.
The gnoll is almost dead.
The gnoll closely misses you.
You riposte.
You closely miss the gnoll.
The gnoll is almost dead.
You hit the gnoll but do no damage. The gnoll closely misses you.
The gnoll hits you with a club.
You closely miss the gnoll.
The gnoll hits you from afar with a spear.
The gnoll hits you with a club.
Press: ? - help, Shift-Dir - straight line, f - gnoll
Aim: a gnoll, wielding a spear (almost dead)
You fail to use your ability.
The gnoll hits you from afar with a spear!
* * * LOW HITPOINT WARNING * * *
The gnoll hits you with a club.
You die...

#.#........##.#
#..........##.#
#....<..#####.#
#.......# #.#
#.......# #.#
#.......# #.#
#.#†#+#.# #.#
#.#†#.#.# #.####
#@#.#.#.# #.....
#g#.#.#.##########
.g#.#.#.#.........
####.#.#...........
#.#.###.########
#.#.###.# #...
..#.....# #.##
####### #.# #.#


You could see 2 gnolls.

Vanquished Creatures
  A dart slug (D:1)
  6 bats
  2 giant cockroaches (D:1)
  2 goblins
  5 hobgoblins (D:1)
  7 jackals (D:1)
  4 frilled lizards
  A kobold (D:1)
  5 rats
33 creatures vanquished.

Notes
Turn   | Place    | Note
-------+----------+-------------------------------------------
     0 | D:1      | KristoblXynda the Naga Gladiator began the quest for the Orb.
     0 | D:1      | Reached XP level 1. HP: 19/19 MP: 1/1
    97 | D:1      | Reached XP level 2. HP: 10/26 MP: 2/2
   708 | D:1      | Reached XP level 3. HP: 26/32 MP: 3/3
  1430 | D:2      | Slain by a gnoll

Vault maps used:
D:1:      lightli_arrival_isolated_outpost
D:2:      cheibrodos_helix_gallery

Skill      XL: |  1 |
---------------+----+-----
Throwing       | 2 |  2.0
Fighting       | |  2.0
Long Blades    | |  3.6
Armour         | |  0.7
Dodging        | |  2.8

Action                   || total
-------------------------++-------
Melee: Long sword        ||    91
 Abil: Spit Poison       ||     1
  Eat: Chunk             ||     1
Armor: Leather armour    ||    52
Dodge: Dodged            ||    66
       Rpst.: Long sword ||    22

Table legend:
 A = Spawn XP
 B = Non-spawn XP
 C = Spawn XP percentage of total XP
 D = Spawn monster count
 E = Non-spawn monster count
 F = Spawn count percentage of total count
 G = Total turns spent on level
                    A         B        C        D         E        F      G
               +---------+---------+-------+---------+---------+-------+---------
         Total |       0 |      54 |   0.0 |       0 |      33 |   0.0 |  1430
               +---------+---------+-------+---------+---------+-------+---------
           D:1 |       0 |      47 |   0.0 |       0 |      27 |   0.0 |  1220
           D:2 |       0 |       7 |   0.0 |       0 |       6 |   0.0 |   210
               +---------+---------+-------+---------+---------+-------+---------
